 Dungeon Crawl Stone Soup version 0.30-a0-591-g3c58d2bc28 (webtiles) character file.

Game seed: 7824882997322608192

213 DeadOnArrival the Cudgeller (level 5, -11/32 HPs)
             Began as a Gargoyle Monk on Jan 5, 2023.
             Mangled by Eustachio
             ... wielding a +0 rapier
              (13 damage)
             ... on level 4 of the Dungeon.
             The game lasted 00:06:37 (2357 turns).

DeadOnArrival the Cudgeller (Gargoyle Monk)         Turns: 2357, Time: 00:06:38

Health: -11/32     AC:  8    Str: 17    XL:     5   Next: 90%
Magic:  5/5        EV: 12    Int: 10    God:
Gold:   126        SH:  0    Dex: 12    Spells: 4/4 levels left

rFire   . . .      SeeInvis .    a - +0 mace
rCold   . . .      Faith    .    (no shield)
rNeg    + . .      Spirit   .    b - +0 robe
rPois   ∞          Reflect  .    k - +0 helmet
rElec   +          Harm     .    (no cloak)
rCorr   .          Rampage  .    n - +0 pair of gloves
Will    .....                    (no boots)
Stlth   ++                       (no amulet)
HPRegen 0.25/turn                (no ring)
MPRegen 0.09/turn                (no ring)

@: no status effects
A: sickness immunity, AC +4, negative energy resistance 1, electricity
resistance, torment resistance 1, petrification resistance
a: no special abilities


You were on level 4 of the Dungeon.
You visited 1 branch of the dungeon, and saw 4 of its levels.

You collected 126 gold pieces.


Innate Abilities, Weirdness & Mutations

You are immune to sickness and miasma.
Your stone body is resilient. (AC +4)
You are immune to poison.
You resist negative energy. (rN+)
You are resistant to electric shocks. (rElec)
You are resistant to unholy torment.
You are immune to petrification.


   Skills:
 - Level 3.2 Fighting
 + Level 6.4 Maces & Flails
 - Level 2.4 Dodging
 - Level 2.1 Stealth


You had 4 spell levels left.
You didn't know any spells.
Your spell library contained the following spells:

 Spells                   Type           Power      Damage    Failure   Level
 Slow                     Hex            0%         N/A       36%         1
 Confusing Touch          Hex            0%         N/A       75%         3
 Ozocubu's Armour         Ice            0%         N/A       75%         3
 Stone Arrow              Conj/Erth      0%         3d7       75%         3
 Vampiric Draining        Necr           0%         2d6       75%         3
 Animate Armour           Summ/Erth      0%         N/A       98%         4
 Metabolic Englaciation   Hex/Ice        0%         N/A       100%        5
 Simulacrum               Ice/Necr       0%         N/A       100%        6
 Lehudib's Crystal Spear  Conj/Erth      0%         10d2      100%        8

Inventory:

Hand Weapons
 a - a +0 mace (weapon)
Missiles
 g - 20 stones
 r - 3 datura-tipped darts (quivered)
Armour
 b - a +0 robe (worn)
 k - a +0 helmet (worn)
   (You took it off Robin on level 2 of the Dungeon)
 n - a +0 pair of gloves (worn)
   (You found it on level 3 of the Dungeon)
Magical Staves
 p - a staff of earth {!a}
   (You found it on level 3 of the Dungeon)
Scrolls
 d - a scroll of teleportation {unknown}
 e - 2 scrolls of poison {unknown}
 f - a scroll of immolation {unknown}
 h - 2 scrolls of vulnerability {unknown}
 l - 4 scrolls of identify {unknown}
 m - a scroll of blinking {unknown}
Potions
 i - 2 potions of curing {unknown}
 j - a potion of degeneration {unknown}
 o - 2 potions of haste {unknown}
 q - a potion of attraction {unknown}
 s - a potion of lignification {unknown}

Dungeon Overview and Level Annotations

Branches:
Dungeon (4/15) Zot: 21599
 Temple: D:4-7

Altars:

Annotations:
D:4 Eustachio

...@rr..............#)####...
##########......###.#.#
.................#.#
..........########.#
.########(# #....#.# #(#
#.##.#.# #.# #.##.#.# #.#
#.##.#.# #.# #@##.#.# #@#
#@##.#[# #.# #.##.#.# #.#
#.##<#.# #.###.####.#
#..........#
............######
#############


You could see the neutral Eustachio (fast, strong, insane).


Message History

The iguana hisses angrily.
Eustachio the Magnificent comes into view.
He is wielding a +0 rapier.
You see here a +0 ring mail.
The iguana hisses menacingly.
Eustachio casts a spell.
The iguana hisses menacingly.
You hit the iguana. The iguana bites you. 😕 HP[-3]
You take 3 damage, and now have 29/32 hp.
You hit the iguana. The iguana bites you.
You hit the iguana but do no damage.
The iguana bites you but does no damage. x2
You hit the iguana. The iguana completely misses you.
You hit the iguana. The iguana misses you.
You hit the iguana. The iguana barely misses you. 😕 HP[+1]
You hit the iguana.
You kill the iguana!
You hit the river rat. The river rat barely misses you.
You hit the river rat. 😕 HP[+1]
The river rat barely misses you. The river rat closely misses you.
The river rat misses you.
You hit the river rat but do no damage. The river rat misses you. x2
You barely miss the river rat.
The river rat barely misses you. x2 😎 HP[+1]
Your hp is fully restored (32).
You hit the river rat.
You kill the river rat!
The river rat's corpse disappears in a puff of smoke!
The river rat bites you. 😕 HP[-2]
You take 2 damage, and now have 30/32 hp.
You barely miss the river rat. The river rat closely misses you.
The river rat misses you.
You hit the river rat but do no damage. The river rat barely misses you.
You closely miss the river rat. The river rat misses you. 😕 HP[+1]
You hit the river rat. The river rat misses you.
You hit the river rat.
The river rat bites you but does no damage.
You hit the river rat.
You kill the river rat!
The river rat's corpse disappears in a puff of smoke! 😎 HP[+1]
Your hp is fully restored (32).
You hit Eustachio. Eustachio barely misses you.
You barely miss Eustachio.
Eustachio mumbles some strange words.
Eustachio blinks!
Eustachio gestures wildly while chanting.
Eustachio blinks!
Throw: 5 darts (datura)
Press: ? - help, Q - select action, (/) - cycle Shift-Dir - straight line, f - Eustachio
Aim: Eustachio, wielding a +0 rapier and wearing a +0 leather armour (lightly wounded, 46% to hit, chance to frenzy on hit: 61%)
You throw a datura-tipped dart.
The datura-tipped dart completely misses Eustachio.
Throw: 4 darts (datura)
Press: ? - help, Q - select action, (/) - cycle Shift-Dir - straight line, f/p - Eustachio
Aim: Eustachio, wielding a +0 rapier and wearing a +0 leather armour (lightly wounded, 46% to hit, chance to frenzy on hit: 61%)
You throw a datura-tipped dart. The datura-tipped dart hits Eustachio.
Eustachio flies into a frenzy!
Eustachio shouts!
Eustachio shouts!
You hear a shout!
You hear a shout!
Eustachio shouts!
You completely miss Eustachio. Eustachio closely misses you.
You barely miss Eustachio. Eustachio hits you with a +0 rapier.
Eustachio hits you with a +0 rapier! 😮 HP[-13]
You take 13 damage, and now have 19/32 hp.
MASSIVE DAMAGE!! (PAUSE)
You closely miss Eustachio. Eustachio misses you.
Eustachio hits you with a +0 rapier.
* * * LOW HITPOINT WARNING * * *
😨 HP[-3]
You take 3 damage, and now have 16/32 hp.
You are confused.
You feel invigorated. Eustachio hits you with a +0 rapier.
* * * LOW HITPOINT WARNING * * *
😨 HP[-2]
You take 2 damage, and now have 14/32 hp.
Eustachio hits you with a +0 rapier!
* * * LOW HITPOINT WARNING * * *
😨 HP[-2]
You take 2 damage, and now have 12/32 hp.
You feel less invigorated.
You feel less confused. 😨 HP[+4]
You regained 4 hp, and now have 16/32 hp.
You hit Eustachio. Eustachio hits you with a +0 rapier.
* * * LOW HITPOINT WARNING * * *
Eustachio hits you with a +0 rapier!
* * * LOW HITPOINT WARNING * * *
😱 HP[-14]
You take 14 damage, and now have 2/32 hp.
MASSIVE DAMAGE!! (PAUSE)
You closely miss Eustachio. Eustachio hits you with a +0 rapier!
You die...

Skill      XL: |  1  2  3  4  5 |
---------------+----------------+-----
Maces & Flails | 4 5 6 |  6.4
Fighting       | |  3.2
Dodging        | |  2.4
Stealth        | |  2.1

Action                   |  1- 3 |  4- 6 || total
-------------------------+-------+-------++-------
Melee: Mace              |   106 |   176 ||   282
       Punch             |       |     3 ||     3
Throw: Stone             |       |     5 ||     5
       Dart              |       |     2 ||     2
  Use: Potion            |       |     1 ||     1
 Stab: Sleeping          |     5 |     4 ||     9
Armor: Robe              |    46 |    51 ||    97
Dodge: Dodged            |    97 |   103 ||   200

Levels and vault maps discovered:
D:1:      wander_arrival_fairy_ring, layout_basic, minmay_tetromino_i4
D:2:      layout_loops_corners, shapermc_ecumenical_altar_gd,
          uniq_crazy_yiuf_cottage, uniq_robin
D:3:      layout_loops_corners
D:4:      layout_basic, uniq_grinder, uniq_blork_the_orc, uniq_duvessa,
          uniq_eustachio

Notes
Turn   | Place    | Note
-------+----------+-------------------------------------------
     0 | D:1      | DeadOnArrival the Gargoyle Monk began the quest for the
                  | Orb.
     0 | D:1      | Reached XP level 1. HP: 14/14 MP: 1/1
     0 | D:1      | magus.rc [v1.11.2]
    66 | D:1      | Reached XP level 2. HP: 19/19 MP: 2/2
   272 | D:1      | You pick up a book of Winter and begin reading...
   272 | D:1      | You add the spells Ozocubu's Armour, Metabolic Englaciation
                  | and Simulacrum to your library.
   466 | D:1      | Reached skill level 4 in Maces & Flails
   515 | D:1      | Reached XP level 3. HP: 23/23 MP: 3/3
   854 | D:1      | You pick up a book of Armaments and begin reading...
   854 | D:1      | You add the spells Stone Arrow, Animate Armour and
                  | Lehudib's Crystal Spear to your library.
   939 | D:2      | Found a faded altar of an unknown god.
   958 | D:2      | Reached XP level 4. HP: 10/28 MP: 4/4
   961 | D:2      | HP: 6/28 [goblin/+0 club (3)]
   964 | D:2      | HP: 2/28 [goblin/+0 club (2)]
  1117 | D:2      | Noticed Robin
  1125 | D:2      | Reached skill level 5 in Maces & Flails
  1145 | D:2      | Killed Robin
  1433 | D:2      | You pick up a book of Debilitation and begin reading...
  1433 | D:2      | You add the spells Slow, Vampiric Draining and Confusing
                  | Touch to your library.
  1468 | D:2      | Reached XP level 5. HP: 31/32 MP: 5/5
  2188 | D:4      | Reached skill level 6 in Maces & Flails
  2266 | D:4      | Noticed Eustachio
  2356 | D:4      | HP: 2/32 [Eustachio/+0 rapier (8)]
  2357 | D:4      | Mangled by Eustachio

Vanquished Creatures
  2 hounds
  An iguana (D:4)
  Robin (D:2)
  3 adders
  3 worms
  2 dart slugs
  2 orcs
  6 bats
  6 endoplasms
  3 giant cockroaches
  14 goblins
  6 hobgoblins
  2 quokkas (D:2)
  5 ball pythons
  3 frilled lizards
  11 kobolds
  4 rats (D:1)
74 creatures vanquished.

Vanquished Creatures (others)
  2 demonic plants (D:2)
  6 fungi
  3 plants
  3 withered plants (D:2)
14 creatures vanquished.

Grand Total: 88 creatures vanquished

Table legend:
 A = Non-vault XP
 B = Vault XP
 C = Vault XP percentage of total XP
 D = Non-vault monster count
 E = Vault monster count
 F = Vault count percentage of total count
                 A         B        C        D         E       F
            +---------+---------+-------+---------+---------+-------
      Total |     267 |      38 |  12.5 |      61 |      13 |  17.6
            +---------+---------+-------+---------+---------+-------
        D:1 |      50 |       1 |   2.0 |      29 |       1 |   3.3
        D:2 |      96 |      37 |  27.8 |      18 |      12 |  40.0
        D:3 |      38 |       0 |   0.0 |      10 |       0 |   0.0
        D:4 |      83 |       0 |   0.0 |       4 |       0 |   0.0
            +---------+---------+-------+---------+---------+-------

Illustrated notes

Table legend:
 A = Kills in this place as a percentage of kills in entire the game.
 B = Kills by you in this place as a percentage of kills by you in the entire game.
 C = Kills by friends in this place as a percentage of kills by friends in the entire game.
 D = Other kills in this place as a percentage of other kills in the entire game.
 E = Experience gained in this place as a percentage of experience gained in the entire game.
 F = Experience gained in this place divided by the number of levels of this place that you have seen.
                   A       B       C       D       E      F
               +-------+-------+-------+-------+-------+----------------------
         Total | 100.0 | 100.0 |   N/A |   N/A | 100.0 |  76.2
       Dungeon | 100.0 | 100.0 |   N/A |   N/A | 100.0 |  76.2
               +-------+-------+-------+-------+-------+----------------------

Table legend: (Time is in decaauts)
 A = Elapsed time spent in this place.
 B = Non-inter-level travel time spent in this place.
 C = Inter-level travel time spent in this place.
 D = Time resting spent in this place.
 E = Time spent auto-exploring this place.
 F = Levels seen in this place.
 G = Mean time per level.
                   A        B        C        D        E       F      G
               +--------+--------+--------+--------+--------+-----+--------+
         Total |   2399 |   2296 |    103 |    221 |   1342 |   4 |  599.8 |
       Dungeon |   2399 |   2296 |    103 |    221 |   1342 |   4 |  599.8 |
               +--------+--------+--------+--------+--------+-----+--------+

Top non-repeatable levels by time:
     D:1: 954 daAuts
     D:2: 821 daAuts
     D:3: 396 daAuts
     D:4: 227 daAuts
